 Dungeon Crawl Stone Soup version 0.24.0-123-gd5b16e6ec5 (webtiles) character file.

Game seed: 4850814555125218345, levelgen mode: deterministic

630143 FluffGlitter the Slayer (level 27, -12/176 HPs)
             Began as a Gargoyle Fighter on Jan 8, 2020.
             Was an Initiate of Gozag.
             Blown up by an ancient lich (51 damage)
             ... with an orb of destruction
             ... on level 5 of the Realm of Zot on Jan 12, 2020.
             The game lasted 09:18:01 (91093 turns).

FluffGlitter the Slayer (Gargoyle Fighter)         Turns: 91093, Time: 09:18:02

Health: -12/176    AC: 51    Str: 40    XL:     27
Magic:  32/32      EV: 16    Int:  7    God:    Gozag
Gold:   15554      SH: 31    Dex: 13    Spells: 26/26 levels left

rFire    + . .     SeeInvis +   p - +8 demon whip (venom)
rCold    + + .     Gourm    .   V - +2 large shield
rNeg     + + .     Faith    .   s - +7 chain mail of Mirth {MR++ Str+2 Stlth-}
rPois    ∞         Spirit   .   t - +0 mask of the Dragon {MR+ Slay+3 SInv}
rElec    +         Reflect  .   r - scarf {rC+ rF+}
rCorr    .         Harm     .   n - +2 pair of gloves
MR       +++++                  P - +0 pair of boots
Stlth    ..........             C - amulet of the acrobat
HPRegen  0.39/turn              h - ring "Xivewn" {rElec rN+ MR+ Str+7 Dex+4 Slay-3}
MPRegen  0.23/turn              Z - ring "Lauqicug" {rC+ MR+ Slay+5}

@: about to teleport, gold aura, flying, contaminated, glowing, bribing [the
Vaults, the Realm of Zot]
A: big wings, horns 1, dopey 2, frail 1, negative energy resistance 1, screaming
2, electricity resistance, unbreathing, petrification resistance, no potion heal
1, rot immunity, AC +20
}: 3/15 runes: decaying, serpentine, silver
a: Stop Flying, Potion Petition, Call Merchant, Bribe Branch, Renounce Religion


You were on level 5 of the Realm of Zot.
You worshipped Gozag.
Gozag was extremely pleased with you.
You were hungry.

You visited 10 branches of the dungeon, and saw 49 of its levels.
You visited the Abyss 2 times.
You visited 1 bazaar.
You also visited: Trove, Ossuary, Ice Cave and Wizlab.

You collected 34119 gold pieces.
You spent 2240 gold pieces at shops.
You paid 16325 gold pieces to Gozag.

Inventory:

Hand Weapons
 p - a +8 demon whip of venom (weapon)
   (You acquired it on level 11 of the Dungeon)
Missiles
 g - 1347 stones (quivered)
 j - a throwing net {!f}
Armour
 b - the +7 scale mail of Diose {rElec Str-5 Dex+4}
   (You found it on level 1 of the Elven Halls)

   It affects your strength (-5).
   It affects your dexterity (+4).
   It insulates you from electricity.
 d - the +4 robe of Catatonia {Int-5 Dex+5 Slay+6, unknown}
   (You found it on level 4 of the Realm of Zot)

   It affects your intelligence (-5).
   It affects your dexterity (+5).
   It affects your accuracy and damage with ranged weapons and melee attacks
   (+6).
 n - a +2 pair of gloves (worn)
   (You found it on level 5 of the Lair of Beasts)
 r - a scarf of resistance (worn)
   (You found it on level 3 of the Abyss)
 s - the +7 chain mail of Mirth (worn) {MR++ Str+2 Stlth-}
   (You found it on level 3 of the Depths)

   It affects your strength (+2).
   It affects your resistance to hostile enchantments.
   It makes you less stealthy.
 t - the +0 mask of the Dragon (worn) {MR+ Slay+3 SInv}
   (You found it on level 2 of the Realm of Zot)

   It affects your accuracy and damage with ranged weapons and melee attacks
   (+3).
   It affects your resistance to hostile enchantments.
   It lets you see invisible.
 H - the +2 faerie dragon scales {rCorr Str+4}
   (You took it off the Enchantress on level 2 of the Depths)

   It affects your strength (+4).
   It provides partial protection from all sources of acid and corrosion.
 P - a +0 pair of boots (worn)
   (You found it on level 8 of the Dungeon)
 S - the +1 ring mail "Zuuhu" {rC+ Int-5 Slay+2}
   (You found it on level 4 of the Lair of Beasts)

   It affects your intelligence (-5).
   It affects your accuracy and damage with ranged weapons and melee attacks
   (+2).
   It protects you from cold.
 V - a +2 large shield (worn)
   (You found it on level 3 of the Depths)
Jewellery
 h - the ring "Xivewn" (left hand) {rElec rN+ MR+ Str+7 Dex+4 Slay-3}
   (You found it on level 5 of the Vaults)

   [ring of protection from magic]

   It affects your strength (+7).
   It affects your dexterity (+4).
   It affects your accuracy and damage with ranged weapons and melee attacks
   (-3).
   It insulates you from electricity.
   It protects you from negative energy.
   It affects your resistance to hostile enchantments.
 i - an uncursed ring of protection from fire
   (You found it on level 4 of the Snake Pit)
 C - an amulet of the acrobat (around neck)
   (You found it on level 6 of the Dungeon)
 F - the ring "Fuwuingi" {+Inv rPois MR+}
   (You bought it in a shop on level 8 of the Dungeon)

   [ring of poison resistance]

   It protects you from poison.
   It affects your resistance to hostile enchantments.
   It lets you turn invisible.
 Z - the ring "Lauqicug" (right hand) {rC+ MR+ Slay+5}
   (You found it in an ice cave)

   [ring of protection from cold]

   It affects your accuracy and damage with ranged weapons and melee attacks
   (+5).
   It protects you from cold.
   It affects your resistance to hostile enchantments.
Wands
 c - a wand of disintegration (12)
   (You found it on level 4 of the Vaults)
 u - a wand of paralysis (30)
   (You found it on level 9 of the Dungeon)
 v - a wand of digging (30)
   (You found it on level 5 of the Dungeon)
 x - a wand of acid (87)
   (You found it in an ossuary)
 y - a wand of polymorph (43)
   (You found it on level 5 of the Dungeon)
 K - a wand of enslavement (8)
   (You found it on level 2 of the Vaults)
 L - a wand of clouds (13)
   (You found it on level 4 of the Abyss)
Scrolls
 a - 7 scrolls of magic mapping
 k - 6 scrolls of immolation {!r}
 l - 9 scrolls of enchant armour
 o - a scroll of summoning
 q - 31 scrolls of remove curse {@r2}
 w - 9 scrolls of teleportation {@r4}
 B - 2 scrolls of fear
 G - 39 scrolls of identify {@r1}
 J - 4 scrolls of silence
 M - 4 scrolls of blinking
 O - 2 scrolls of holy word
 T - 9 scrolls of fog
 U - 6 scrolls of enchant weapon
 W - a scroll of brand weapon
Potions
 f - 19 potions of curing {@q1}
 m - 3 potions of cancellation
 z - 2 potions of brilliance
 A - 4 potions of might
 E - 2 potions of invisibility
 N - 4 potions of resistance
 Q - a potion of lignification {!q}
 R - a potion of berserk rage
 X - 5 potions of haste {@q3}
Comestibles
 e - 22 rations {!d}


   Skills:
 + Level 26.5 Fighting
 - Level 15.0 Maces & Flails
 + Level 26.5 Armour
 - Level 10.0 Dodging
 - Level 25.0 Shields
 + Level 12.3 Evocations


You had 26 spell levels left.
You didn't know any spells.
Your spell library contained the following spells:

 Spells                   Type           Power        Failure   Level  Hunger
 Animate Skeleton         Necr           N/A          63%         1    ##.....
 Apportation              Tloc           #.....       63%         1    ##.....
 Beastly Appendage        Tmut           #.....       63%         1    ##.....
 Confusing Touch          Hex            #.....       63%         1    ##.....
 Corona                   Hex            #......      63%         1    ##.....
 Flame Tongue             Conj/Fire      #....        63%         1    ##.....
 Freeze                   Ice            #...         63%         1    ##.....
 Infusion                 Chrm           #...         63%         1    ##.....
 Magic Dart               Conj           #...         63%         1    ##.....
 Sandblast                Erth           #.....       63%         1    ##.....
 Shock                    Conj/Air       #...         63%         1    ##.....
 Summon Butterflies       Summ           #.......     63%         1    ##.....
 Summon Small Mammal      Summ           #...         63%         1    ##.....
 Blink                    Tloc           N/A          77%         2    ###....
 Call Imp                 Summ           #.......     77%         2    ###....
 Corpse Rot               Necr           N/A          77%         2    ###....
 Ensorcelled Hibernation  Hex/Ice        #.....       77%         2    ###....
 Passwall                 Tmut/Erth      #.......     77%         2    ###....
 Poisonous Vapours        Pois/Air       #.....       77%         2    ###....
 Searing Ray              Conj           #.....       77%         2    ###....
 Shroud of Golubria       Chrm/Tloc      #.....       77%         2    ###....
 Slow                     Hex            #.......     77%         2    ###....
 Song of Slaying          Chrm           #.......     77%         2    ###....
 Sticks to Snakes         Tmut           #.......     77%         2    ###....
 Swiftness                Chrm/Air       #.......     77%         2    ###....
 Call Canine Familiar     Summ           #.......     94%         3    ####...
 Confuse                  Hex            #.......     94%         3    ####...
 Conjure Flame            Conj/Fire      #.......     94%         3    ####...
 Dazzling Spray           Conj/Hex       #.....       94%         3    ####...
 Gell's Gravitas          Tloc           #.........   94%         3    ####...
 Ignite Poison            Fire/Tmut/Pois #.......     94%         3    ####...
 Inner Flame              Hex/Fire       #.......     94%         3    ####...
 Lesser Beckoning         Tloc           #.........   94%         3    ####...
 Mephitic Cloud           Conj/Pois/Air  #.......     94%         3    ####...
 Ozocubu's Armour         Chrm/Ice       #.......     94%         3    ####...
 Portal Projectile        Hex/Tloc       #.....       94%         3    ####...
 Recall                   Summ/Tloc      N/A          94%         3    ####...
 Regeneration             Chrm/Necr      #.........   94%         3    ####...
 Spectral Weapon          Hex/Chrm       #.......     94%         3    ####...
 Spider Form              Tmut/Pois      #.........   94%         3    ####...
 Static Discharge         Conj/Air       #.......     94%         3    ####...
 Stone Arrow              Conj/Erth      #.....       94%         3    ####...
 Summon Guardian Golem    Hex/Summ       #.......     94%         3    ####...
 Teleport Other           Tloc           #.......     94%         3    ####...
 Tukima's Dance           Hex            #.......     94%         3    ####...
 Airstrike                Air            #.........   100%        4    #####..
 Animate Dead             Necr           N/A          100%        4    #####..
 Cause Fear               Hex            #.........   100%        4    #####..
 Force Lance              Conj/Tloc      #.......     100%        4    #####..
 Fulminant Prism          Conj/Hex       #.........   100%        4    #####..
 Ice Form                 Ice/Tmut       #.......     100%        4    #####..
 Olgreb's Toxic Radiance  Pois           #.......     100%        4    #####..
 Passage of Golubria      Tloc           N/A          100%        4    #####..
 Petrify                  Tmut/Erth      #.......     100%        4    #####..
 Summon Ice Beast         Ice/Summ       #.......     100%        4    #####..
 Summon Lightning Spire   Summ/Air       #.......     100%        4    #####..
 Agony                    Necr           #.......     100%        5    ######.
 Alistair's Intoxication  Tmut/Pois      #.......     100%        5    ######.
 Blade Hands              Tmut           #.........   100%        5    ######.
 Bolt of Draining         Conj/Necr      #.........   100%        5    ######.
 Bolt of Magma            Conj/Fire/Erth #.........   100%        5    ######.
 Dispel Undead            Necr           #.......     100%        5    ######.
 Excruciating Wounds      Chrm/Necr      #.........   100%        5    ######.
 Fireball                 Conj/Fire      #.........   100%        5    ######.
 Irradiate                Conj/Tmut      #.........   100%        5    ######.
 Iskenderun's Battlesphe  Conj/Chrm      #.......     100%        5    ######.
 Lee's Rapid Deconstruct  Erth           #.........   100%        5    ######.
 Lightning Bolt           Conj/Air       #.........   100%        5    ######.
 Metabolic Englaciation   Hex/Ice        #.........   100%        5    ######.
 Silence                  Hex/Air        #.........   100%        5    ######.
 Venom Bolt               Conj/Pois      #.........   100%        5    ######.
 Yara's Violent Unravell  Hex/Tmut       #.........   100%        5    ######.
 Bolt of Cold             Conj/Ice       #.........   100%        6    #######
 Bolt of Fire             Conj/Fire      #.........   100%        6    #######
 Conjure Ball Lightning   Conj/Air       #.........   100%        6    #######
 Darkness                 Hex            #.........   100%        6    #######
 Deflect Missiles         Chrm/Air       #.........   100%        6    #######
 Dispersal                Tloc           #.........   100%        6    #######
 Freezing Cloud           Conj/Ice/Air   #.........   100%        6    #######
 Hydra Form               Tmut           #.........   100%        6    #######
 Invisibility             Hex            #.......     100%        6    #######
 Iron Shot                Conj/Erth      #.........   100%        6    #######
 Ozocubu's Refrigeration  Ice            #.........   100%        6    #######
 Poison Arrow             Conj/Pois      #.........   100%        6    #######
 Simulacrum               Ice/Necr       #.........   100%        6    #######
 Dragon Form              Tmut           #.........   100%        7    #######
 Haunt                    Necr/Summ      #.........   100%        7    #######
 Orb of Destruction       Conj           #.........   100%        7    #######
 Ring of Flames           Chrm/Fire      #.........   100%        7    #######
 Spellforged Servitor     Conj/Summ      #.........   100%        7    #######
 Borgnjor's Revivificati  Necr           #.........   100%        8    #######
 Chain Lightning          Conj/Air       #.........   100%        8    #######
 Controlled Blink         Tloc           N/A          100%        8    #######
 Death's Door             Chrm/Necr      #.........   100%        8    #######
 Discord                  Hex            #.........   100%        8    #######
 Disjunction              Tloc           #.........   100%        8    #######
 Ignition                 Fire           #.........   100%        8    #######
 Infestation              Necr           #.........   100%        8    #######
 Lehudib's Crystal Spear  Conj/Erth      #.........   100%        8    #######
 Necromutation            Tmut/Necr      #.........   100%        8    #######
 Dragon's Call            Summ           #.........   100%        9    #######
 Tornado                  Air            #.........   100%        9    #######
 Sublimation of Blood     Necr           Unusable     N/A         2    N/A
 Statue Form              Tmut/Erth      Unusable     N/A         6    N/A

Dungeon Overview and Level Annotations

Branches:
Dungeon (15/15)            Temple (1/1) D:6            Lair (6/6) D:10
  Swamp (4/4) Lair:3        Snake (4/4) Lair:3        Slime (0/5) Lair:5
    Orc (2/2) D:9             Elf (2/3) Orc:2        Vaults (5/5) D:13
  Crypt (0/3) Vaults:2     Depths (5/5) D:15            Zot (5/5) Depths:5
Ossuary (visited)           IceCv (visited)          WizLab (visited)

Altars:
Ashenzari
Cheibriados
Dithmenos
Elyvilon
Fedhas
Gozag
Hepliaklqana
Kikubaaqudgha
Makhleb
Nemelex Xobeh
Okawaru
Qazlal
Ru
Sif Muna
Trog
Uskayaw
Vehumet
Wu Jian
Xom
Yredelemnul
Zin
The Shining One

Shops:
D:6 ?   D:8 =   D:12 (   D:14 *   Orc:1 :   Orc:2 (:%(%*   Vaults:3 }
Vaults:4 ?   Depths:1 *

Portals:
Hell: Depths:1 Depths:2 Depths:3 Depths:4 Depths:5
Abyss: Depths:4
Pandemonium: Depths:2 Depths:3 Depths:4
Ziggurat: Depths:3

Annotations:
D:11 3 runed translucent doors, Umeiruyss's ghost, journeyman OpEE
D:13 exclusion: obsidian statue
Snake:1 2 transporters, vurker's ghost, adept TeAE
Orc:2 exclusion: oklob plant
Elf:2 Roxanne
Depths:1 3 runed translucent doors
Depths:3 exclusion: orange crystal statue


Innate Abilities, Weirdness & Mutations

You are resistant to torment.
Your stone body is resilient. (AC +20)
You are immune to poison.
Your large and strong wings let you fly indefinitely.
You resist negative energy. (rN+)
You are resistant to electric shocks. (rElec)
You can survive without breathing.
You are immune to petrification.
You are immune to rotting.
You have a pair of small horns on your head.
You are very dopey. (Int -4)
You are frail. (-10% HP)
You sometimes yell uncontrollably at your foes.
Potions are less effective at restoring your health.


Message History

The orb of fire becomes distracted by the nearby gold, dreaming of imaginary riches.
The orb of fire glows deep purple.
The bolt of fire hits you!! You resist.
* * * LOW HITPOINT WARNING * * *
The ancient lich is no longer distracted by gold.
The power of Zot is invoked against you!
You are contaminated with residual magic.
You closely miss the ancient lich.
You headbutt the ancient lich, but do no damage.
You hit the ancient lich.
You headbutt the ancient lich, but do no damage.
The ancient lich touches you but does no damage.
You block the green draconian shifter's attack.
You whack the ancient lich! You headbutt the ancient lich.
The ancient lich closely misses you.
You whack the ancient lich!
You headbutt the ancient lich, but do no damage.
The ancient lich casts a spell at you. The bolt of lightning hits you!
You resist.
* * * LOW HITPOINT WARNING * * *
As you read the scroll of fear, it crumbles to dust.
You assume a fearsome visage.
The ancient lich is unaffected.
The orb of fire is unaffected.
The orb of fire is unaffected.
The green draconian shifter looks frightened!
The orb of fire is no longer distracted by gold.
The green draconian shifter blinks!
You block the ancient lich's attack.
Your system partially rejects the healing.
You feel better. The ancient lich touches you.
* * * LOW HITPOINT WARNING * * *
The green draconian shifter becomes distracted by the nearby gold, dreaming of imaginary riches.
You block the ancient lich's attack.
The orb of fire glows bright magenta.
Strange energies course through your body.
You feel a strong urge to yell.
The green draconian shifter is no longer distracted by gold.
The ancient lich conjures an orb of pure magic.
An orb of destruction comes into view.
The green draconian shifter seems to regain its courage.
The green draconian shifter roars!
The orb of fire becomes distracted by the nearby gold, dreaming of imaginary riches.
The orb of fire glows red.
The bolt of fire hits you!! You resist.
* * * LOW HITPOINT WARNING * * *
As you read the scroll of teleportation {@r4}, it crumbles to dust.
You feel strangely unstable.
You feel the Orb delaying your translocation!
The orb of destruction hits you!!!
You die...

##.....######....## ##
##.........##....## ##.
##...............## ##.<
##...............## ##...
##...............## ##....
#...............## #....#
▓▓################ ######
#............^.## #.....
...$.....@.$.$..## ##....
........○L.......## #....
.......*°*.$....$.# ##...
..................# #...
..............q...# ##...
..........^..^...$# #....
.............^....# ##....
......$........^..###.....
....^.......$....###...###


You could see 2 orbs of fire, an ancient lich and a green draconian shifter.

Vanquished Creatures
  An orb of fire (Depths:5)
  3 ancient liches
  Mara (Swamp:4)
  3 juggernauts (Depths:3)
  A Killer Klown (Zot:5)
  4 curse toes
  15 golden dragons
  3 bone dragons
  the Enchantress (Depths:2)
  2 electric golems
  An Ice Fiend (IceCv)
  7 tentacled monstrosities
  A hellephant (Depths:4)
  A deep elf blademaster (Elf:2)
  4 liches
  9 Orb Guardians (Zot:5)
  2 titans
  5 quicksilver dragons
  An Executioner (Abyss:4)
  An eldritch tentacle (Vaults:3)
  5 sphinxes
  An ancient champion (WizLab)
  11 shadow dragons
  9 tentacled starspawn
  A draconian monk (Zot:5)
  2 thorn hunters (Swamp:4)
  9 nagarajas
  17 storm dragons
  9 tengu reavers
  2 azure jellies (Vaults:3)
  9 frost giants
  20 vault wardens
  10 fire giants
  A cacodemon (Depths:3)
  3 ghost moths (Zot:2)
  5 iron dragons
  Aizul (Snake:2)
  3 deep elf sorcerers
  A draconian annihilator (Zot:1)
  2 deep elf elementalists
  A draconian stormcaller (Zot:5)
  A reaper (Abyss:2)
  3 draconian shifters
  17 stone giants
  A war gargoyle (Vaults:5)
  18 ironheart preservers
  2 entropy weavers (Vaults:4)
  6 spriggan defenders
  3 vampire knights
  Nessos (Lair:5)
  A black draconian (Depths:5)
  19 very ugly things
  3 green draconians
  3 red draconians
  A white draconian (Depths:5)
  2 deep elf demonologists
  21 dire elephants
  2 deep elf annihilators
  8 spark wasps
  Azrael (Snake:2)
  2 yellow draconians
  Snorg (D:10)
  A blizzard demon (Depths:4)
  17 ettins
  2 eidola
  2 green deaths (Abyss:4)
  16 fire dragons
  4 deep elf death magi
  3 merfolk javelineers (Depths:3)
  Fannar (D:9)
  Josephine (Lair:5)
  A merfolk impaler (Depths:3)
  15 ogre magi
  3 deep elf high priests (Vaults:5)
  25 yaktaur captains
  8 rakshasas
  8 great orbs of eyes
  22 hydras
  17 naga warriors
  5 ghost crabs
  30 vault guards
  13 ice dragons
  A shambling mangrove (Swamp:4)
  5 spriggan air magi
  A catoblepas (Abyss:4)
  A catoblepas (shapeshifter) (Vaults:1)
  5 anacondas
  Erica (Lair:2)
  17 centaur warriors
  41 two-headed ogres
  12 death yaks
  7 alligators
  4 vampire magi
  10 deep troll shamans
  2 death knights
  15 deep troll earth magi
  23 thrashing horrors
  3 hell hogs (Depths:2)
  A tengu warrior (D:15)
  7 shock serpents
  15 hell knights
  5 orc high priests
  Urug (D:10)
  10 spriggan berserkers
  13 deep elf knights
  13 naga sharpshooters
  Sonja (Orc:2)
  A sun demon (Abyss:4)
  A soul eater (Depths:3)
  7 spriggans
  2 sixfirhies (Abyss:4)
  3 fire crabs
  4 iron trolls (Depths:1)
  9 wretched stars (Abyss:4)
  3 spatial maelstroms
  3 salamander mystics
  6 skeletal warriors (WizLab)
  2 sea snakes (Vaults:3)
  3 death drakes
  4 shadow wraiths
  5 swamp dragons
  2 sea snakes (shapeshifter)
  40 deep trolls
  15 wizards
  2 storm dragon skeletons
  An unseen horror (Abyss:4)
  5 glowing orange brains
  10 deep elf archers
  A flayed ghost (Vaults:2)
  6 naga ritualists
  2 spriggan druids
  10 necromancers
  17 ironbrand convokers
  12 orc knights
  5 phantasmal warriors
  35 deep elf magi
  The ghost of Sassenached the Quickloader, a novice DsWn of Nemelex Xobeh (D:7)
  9 mana vipers
  7 harpies
  7 orc sorcerers
  5 wolf spiders
  57 ugly things
  5 manticores
  3 worldbinders
  12 cyclopes
  16 moths of wrath
  A stone giant zombie (Abyss:4)
  A stone giant skeleton (Vaults:4)
  16 salamanders
  3 ice statues
  6 guardian serpents
  34 black mambas
  30 naga magi
  16 vault sentinels
  7 smoke demons
  6 elephants (Lair:2)
  13 apocalypse crabs
  3 gargoyles
  3 orange demons
  19 spiny frogs
  A rime drake (shapeshifter) (D:15)
  5 efreet
  5 komodo dragons
  3 swamp worm zombies (Swamp:4)
  11 ice devils
  69 yaktaurs
  5 anaconda simulacra
  A hellwing (Depths:3)
  A golden dragon simulacrum (IceCv)
  2 human skeletons
  5 ancient zymes (Abyss:4)
  10 freezing wraiths
  2 yaktaur skeletons (Vaults:4)
  2 human zombies (Vaults:4)
  10 trolls
  A demonic crawler (Abyss:4)
  5 tengu conjurers
  5 jumping spiders (Vaults:3)
  A jumping spider (shapeshifter) (Depths:2)
  4 hydra zombies (Swamp:4)
  9 polar bears (Lair:6)
  A wind drake (shapeshifter) (Depths:3)
  A meliai (shapeshifter) (Depths:5)
  A troll (shapeshifter) (Vaults:5)
  A hydra skeleton (Abyss:4)
  15 hornets
  36 blink frogs
  10 bog bodies
  A hippogriff (shapeshifter) (Vaults:1)
  13 tyrant leeches
  6 spectral swamp dragons (Swamp:4)
  21 raiju
  23 slime creatures
  A meliai zombie (D:13)
  An ettin zombie (Vaults:4)
  A spriggan zombie (Depths:1)
  7 dream sheep
  A slime creature (shapeshifter) (Depths:3)
  4 alligator zombies (Swamp:4)
  A flying skull (Abyss:4)
  A redback (shapeshifter) (Vaults:4)
  5 redbacks
  8 hippogriffs
  6 shadows
  6 ynoxinuls
  A spriggan (shapeshifter) (Vaults:5)
  5 water elementals
  3 air elementals
  A tarantella (shapeshifter) (Vaults:4)
  5 vampires
  2 tarantellas (Vaults:3)
  4 dire elephant simulacra
  8 wraiths
  31 yaks
  Eustachio (D:5)
  2 fire elementals (Elf:1)
  A basilisk (shapeshifter) (Depths:1)
  3 wyverns
  Grum (D:11)
  5 neqoxecs (Abyss:4)
  A hog (Vaults:3)
  4 chaos spawn (Abyss:4)
  A hungry ghost (D:13)
  6 golden eyes (Abyss:4)
  A golden eye (shapeshifter) (Vaults:4)
  3 basilisks
  A yaktaur simulacrum (Depths:1)
  A steam dragon (shapeshifter) (Vaults:1)
  2 death yak simulacra (IceCv)
  18 vampire mosquitoes
  35 insubstantial wisps
  5 harpy simulacra
  9 wargs
  A naga (shapeshifter) (Vaults:1)
  A soldier ant (D:13)
  3 iron troll simulacra (IceCv)
  15 swamp worms
  2 two-headed ogre zombies (WizLab)
  7 acid dragons
  4 spatial vortices
  72 nagas
  11 water moccasins
  9 porcupines
  33 hell hounds
  2 swamp drakes (Swamp:3)
  13 black bears
  25 large abominations
  A hydra simulacrum (IceCv)
  10 ice beasts
  A sky beast (D:6)
  3 elf zombies
  36 orc warriors
  A fire dragon simulacrum (Vaults:3)
  11 phantoms
  An ettin simulacrum (IceCv)
  A hornet zombie (D:11)
  3 swamp dragon zombies (Swamp:4)
  An eye of draining (shapeshifter) (Depths:2)
  4 eyes of draining
  A necrophage (D:9)
  43 ogres
  A black mamba simulacrum (Vaults:3)
  A boggart (Vaults:2)
  18 wolves
  27 centaurs
  8 crocodiles
  An elf simulacrum (Depths:1)
  19 bullfrogs
  Blork the orc (D:6)
  2 big kobolds (D:8)
  A gnoll sergeant (D:4)
  An earth elemental (Abyss:4)
  15 small abominations
  A deep troll simulacrum (Vaults:3)
  2 scorpions
  3 elephant simulacra (Vaults:3)
  22 killer bees
  A swamp dragon simulacrum (IceCv)
  10 troll zombies (WizLab)
  A vampire bat (Vaults:3)
  18 wights
  A howler monkey (D:10)
  2 bullfrog zombies
  7 crimson imps
  3 draconian simulacra (IceCv)
  5 centaur zombies
  6 hounds
  5 quasits
  20 starcursed masses
  A human simulacrum (Vaults:1)
  8 jellies
  23 orc wizards
  26 orc priests
  5 iguanas
  6 iron imps
  3 bullfrog skeletons
  3 centaur skeletons
  A spectral swamp drake (Swamp:4)
  5 hell rats
  A spriggan simulacrum (IceCv)
  17 worker ants
  2 polar bear simulacra (IceCv)
  4 troll simulacra
  A killer bee zombie (D:7)
  5 ogre zombies (WizLab)
  A wolf simulacrum (IceCv)
  2 centaur simulacra (IceCv)
  2 hound skeletons
  Robin (D:3)
  A worker ant zombie (D:11)
  15 gnolls
  A swamp drake zombie (Swamp:4)
  9 adders
  A howler monkey skeleton (D:7)
  2 naga simulacra (IceCv)
  An ogre simulacrum (IceCv)
  3 shadow imps
  10 white imps
  8 ufetubi
  7 oozes
  An adder zombie (D:8)
  2 adder skeletons
  5 worms
  4 dart slugs
  8 leopard geckos
  81 orcs
  5 ball pythons
  6 giant cockroaches
  20 goblins
  13 hobgoblins
  9 jackals
  A quokka (D:6)
  8 bats
  3 frilled lizards
  3 hobgoblin skeletons (Ossuary)
  14 kobolds
  3 kobold zombies (Ossuary)
  3 orc skeletons (Ossuary)
  An orc zombie (Ossuary)
  11 rats
  A spectral orc (D:5)
  A fungus (Depths:3)
  A plant (Depths:3)
  A starspawn tentacle (Abyss:4)
2593 creatures vanquished.

Vanquished Creatures (collateral kills)
  An orb of fire (Zot:5)
  An ancient lich (Zot:5)
  An electric golem (Zot:5)
  A lich (Vaults:5)
  A tentacled monstrosity (Vaults:5)
  3 Orb Guardians (Zot:5)
  A death cob (Zot:5)
  A shadow dragon (Vaults:5)
  2 storm dragons
  A draconian scorcher (Zot:5)
  3 black draconians (Zot:4)
  An ettin (Vaults:5)
  A yaktaur captain (Vaults:5)
  A vault guard (Vaults:5)
  A dancing weapon (Vaults:5)
  A phantasmal warrior (Vaults:5)
  2 moths of wrath
  2 yaktaurs (Vaults:5)
  A warg (Vaults:5)
26 creatures vanquished.

Vanquished Creatures (others)
  2 orbs of fire (Zot:5)
  An ancient lich (Zot:5)
  A Killer Klown (Zot:5)
  A curse toe (Zot:4)
  3 golden dragons
  14 tentacled monstrosities
  6 Orb Guardians (Zot:5)
  A titan (Vaults:5)
  2 death cobs
  A tengu reaver (Vaults:5)
  A draconian monk (Zot:3)
  2 storm dragons
  A fire giant (Vaults:5)
  A draconian knight (Zot:5)
  2 draconian scorchers (Zot:4)
  A draconian shifter (Zot:5)
  A draconian stormcaller (Zot:5)
  A draconian annihilator (Zot:5)
  4 yellow draconians
  An ironheart preserver (Vaults:5)
  A war gargoyle (Vaults:5)
  A green draconian (Zot:5)
  6 purple draconians
  A white draconian (Zot:4)
  A black draconian (Zot:5)
  3 red draconians
  An ettin (Vaults:5)
  A two-headed ogre (Vaults:5)
  20 dancing weapons
  An ogre mage (Vaults:5)
  A thrashing horror (Abyss:4)
  A spriggan druid (Swamp:4)
  A wolf spider (shapeshifter) (Vaults:5)
  2 orc knights (Vaults:5)
  7 moths of wrath
  An orc warrior (Vaults:5)
  An ice statue (Depths:4)
  An apocalypse crab (Abyss:4)
  A vault sentinel (Vaults:3)
  A yaktaur (Vaults:1)
  An anaconda simulacrum (Abyss:4)
  A hornet (Swamp:4)
  A raiju (Abyss:4)
  2 blink frogs (Abyss:4)
  4 large abominations (Abyss:4)
  3 spriggans (Swamp:4)
  A golden eye (shapeshifter) (Abyss:4)
  A neqoxec (Abyss:4)
  2 golden eyes (Abyss:4)
  A spatial vortex (Abyss:4)
  6 small abominations (Abyss:4)
  4 ogres
  A white imp (Depths:4)
  101 fungi
  A lurking horror (Abyss:4)
  75 plants
  36 starspawn tentacles
341 creatures vanquished.

Grand Total: 2960 creatures vanquished

Notes
Turn   | Place    | Note
-------+----------+-------------------------------------------
     0 | D:1      | FluffGlitter the Gargoyle Fighter began the quest for the
                  | Orb.
     0 | D:1      | Reached XP level 1. HP: 14/14 MP: 1/1
   110 | D:1      | Reached XP level 2. HP: 10/19 MP: 2/2
   681 | D:1      | Reached XP level 3. HP: 23/23 MP: 3/3
  1182 | D:2      | Reached XP level 4. HP: 22/28 MP: 4/4
  2026 | D:2      | Reached skill level 5 in Maces & Flails
  2052 | D:2      | Reached XP level 5. HP: 32/32 MP: 5/5
  2218 | D:3      | Noticed Robin
  2367 | D:3      | Killed Robin
  2709 | D:4      | Noticed a phantom
  2733 | D:4      | Killed a phantom
  2733 | D:4      | Reached XP level 6. HP: 37/37 MP: 6/6
  2742 | D:4      | Found a snail-covered altar of Cheibriados.
  2752 | D:5      | Entered Level 5 of the Dungeon
  3003 | D:4      | Noticed a phantom
  3012 | D:4      | Killed a phantom
  3112 | D:4      | Reached XP level 7. HP: 36/41 MP: 7/7
  3210 | D:4      | Found a bloodstained altar of Trog.
  3790 | D:5      | Noticed Eustachio
  3964 | D:6      | Found a shimmering altar of Xom.
  4021 | D:5      | Reached XP level 8. HP: 42/46 MP: 8/8
  4096 | D:5      | Killed Eustachio
  4409 | D:5      | Found a basalt altar of Yredelemnul.
  4555 | D:5      | Found a shadowy altar of Dithmenos.
  4576 | D:5      | Reached skill level 10 in Maces & Flails
  5111 | D:6      | Found a snail-covered altar of Cheibriados.
  5241 | D:6      | Found Fushrel's Magic Scroll Boutique.
  5316 | D:6      | Found a staircase to the Ecumenical Temple.
  5323 | D:6      | Noticed Blork the orc
  5346 | D:6      | Killed Blork the orc
  5418 | D:6      | Reached XP level 9. HP: 41/51 MP: 9/9
  5722 | D:7      | Found a hide-covered altar of Uskayaw.
  5872 | Temple   | Entered the Ecumenical Temple
  6028 | Temple   | Became a worshipper of Gozag Ym Sagoz the Greedy
  6134 | D:8      | Found Ciush's Jewellery Shoppe.
  6226 | D:8      | Found a sand-covered staircase.
  6236 | Ossuary  | Entered an ossuary
  6877 | D:7      | Reached skill level 5 in Fighting
  6877 | D:7      | Reached skill level 5 in Armour
  6877 | D:7      | Reached skill level 5 in Shields
  6933 | D:7      | Noticed a +0 hand axe
  6933 | D:7      | Noticed a +0 hand axe
  7245 | D:7      | Found a stormy altar of Qazlal.
  7245 | D:7      | Found a sparkling altar of Nemelex Xobeh.
  7339 | D:7      | Found a runed translucent gate.
  7339 | D:7      | Found a runed translucent gate.
  7343 | D:7      | Found a runed translucent gate.
  7349 | D:7      | Noticed Sassenached's ghost (novice DsWn)
  7493 | D:7      | Found a shimmering blue altar of Sif Muna.
  7496 | D:7      | Found a glowing golden altar of the Shining One.
  7499 | D:7      | Found a shattered altar of Ashenzari.
  8067 | D:8      | Reached XP level 10. HP: 60/60 MP: 10/10
  8777 | D:10     | Entered Level 10 of the Dungeon
  9799 | D:9      | Found a staircase to the Orcish Mines.
 10691 | D:11     | Noticed a red ugly thing
 10691 | D:11     | Noticed a gargoyle
 10705 | D:10     | Found a staircase to the Lair.
 10722 | D:10     | Noticed a two-headed ogre
 10750 | D:9      | Killed a two-headed ogre
 10750 | D:9      | Reached XP level 11. HP: 35/67 MP: 11/11
 11010 | D:11     | Noticed a deep elf mage
 11278 | D:10     | Noticed Urug
 11281 | D:10     | Noticed Snorg
 11436 | D:10     | Killed Urug
 11567 | D:10     | Found a stormy altar of Qazlal.
 12026 | Lair:1   | Entered Level 1 of the Lair of Beasts
 12602 | Lair:1   | Noticed a seven-headed hydra
 12612 | Lair:1   | Killed a seven-headed hydra
 12794 | Lair:1   | You fall into a shaft and drop 1 floor!
 13486 | Lair:2   | Reached XP level 12. HP: 67/76 MP: 12/12
 14172 | Lair:3   | Noticed a four-headed hydra
 14262 | Lair:2   | Noticed Erica
 14299 | Lair:2   | Killed Erica
 14604 | Lair:3   | Found a staircase to the Snake Pit.
 14697 | Lair:3   | Reached skill level 10 in Fighting
 14697 | Lair:3   | Reached skill level 10 in Armour
 14762 | Lair:3   | Reached skill level 10 in Shields
 15018 | Lair:3   | Found a staircase to the Swamp.
 15236 | Lair:3   | Noticed an eight-headed hydra
 15261 | Lair:2   | Killed an eight-headed hydra
 15552 | Lair:3   | Killed a four-headed hydra
 15777 | Lair:4   | Got a translucent ring mail
 15810 | Lair:4   | Identified the +1 ring mail "Zuuhu" {rC+ Int-5 Slay+2} (You
                  | found it on level 4 of the Lair of Beasts)
 16304 | Lair:4   | Reached XP level 13. HP: 83/83 MP: 13/13
 16898 | Lair:6   | Entered Level 6 of the Lair of Beasts
 17087 | Lair:5   | Found a staircase to the Slime Pits.
 17117 | Lair:5   | Noticed Nessos
 17306 | Lair:5   | Killed Nessos
 18516 | Lair:5   | Reached skill level 1 in Evocations
 19055 | Lair:6   | Noticed Josephine
 19103 | Lair:5   | Killed Josephine
 19464 | Lair:6   | Gained mutation: Your large and strong wings let you fly
                  | indefinitely. [Gargoyle growth]
 19464 | Lair:6   | Reached XP level 14. HP: 77/91 MP: 16/16
 20863 | Lair:6   | Noticed a dire elephant
 20893 | Lair:6   | Killed a dire elephant
 21953 | Lair:6   | Reached skill level 15 in Maces & Flails
 22598 | D:10     | Killed Snorg
 22645 | D:10     | Found a stormy altar of Qazlal.
 22760 | D:10     | Found a staircase to the Lair.
 22924 | D:7      | Killed Sassenached's ghost
 22924 | D:7      | Reached skill level 5 in Evocations
 23197 | D:12     | Found Woeveox's Weapon Emporium.
 23445 | D:11     | Identified a scroll of acquirement
 23667 | D:11     | Noticed Grum
 23691 | D:11     | Killed Grum
 23871 | D:11     | Found a runed translucent gate.
 23872 | D:11     | Found a runed translucent gate.
 23873 | D:11     | Found a runed translucent gate.
 24083 | D:11     | Noticed Umeiruyss's ghost (journeyman OpEE)
 24418 | D:13     | Found an ornate altar of the Wu Jian Council.
 24622 | D:12     | Reached XP level 15. HP: 96/97 MP: 19/19
 25096 | D:8      | Bought the ring "Fuwuingi" {+Inv rPois MR+} for 435 gold
                  | pieces
 25848 | D:13     | Found a gate to the Vaults.
 25909 | D:13     | Reached skill level 1 in Dodging
 26588 | D:13     | Got a clouded golden ring
 26590 | D:13     | Identified the ring of Erevaetomucu {Ice -Tele rElec Int+4
                  | SInv} (You found it on level 13 of the Dungeon)
 26963 | D:15     | Entered Level 15 of the Dungeon
 27293 | D:14     | Found Nops's Assorted Antiques.
 27297 | D:14     | Bought a scroll of blinking for 210 gold pieces
 27297 | D:14     | Bought a potion of haste for 280 gold pieces
 28440 | D:15     | Found a staircase to the Depths.
 29459 | Orc:1    | Entered Level 1 of the Orcish Mines
 29506 | Orc:1    | Noticed Fannar
 29534 | D:9      | Killed Fannar
 29628 | D:9      | Reached XP level 16. HP: 76/106 MP: 20/20
 29894 | Orc:2    | Entered Level 2 of the Orcish Mines
 30065 | Orc:1    | Found a bloodstained altar of Trog.
 30294 | Orc:1    | Found Keaplure's Book Shoppe.
 30750 | Orc:2    | Found a staircase to the Elven Halls.
 31255 | Orc:2    | Noticed Sonja
 31267 | Orc:2    | Killed Sonja
 31874 | Orc:2    | Found Juarias's Antique Weapon Emporium.
 32085 | Orc:2    | Found Qagain's Assorted Antiques.
 32085 | Orc:2    | Found Mytupy's Food Shoppe.
 32087 | Orc:2    | Found Iqytuolodo's Food Boutique.
 32087 | Orc:2    | Found Ebe Kem's Antique Weapon Shoppe.
 32126 | Orc:2    | Found a burning altar of Makhleb.
 32127 | Orc:2    | Found Jupuddo's Book Shop.
 32417 | Swamp:1  | Entered Level 1 of the Swamp
 32555 | Swamp:1  | Reached skill level 5 in Dodging
 32754 | Swamp:1  | Found a frozen archway.
 32764 | IceCv    | Entered an ice cave
 32829 | IceCv    | Got a scorched halberd
 33581 | IceCv    | Noticed an Ice Fiend
 35097 | IceCv    | Killed an Ice Fiend
 35289 | IceCv    | Got a smoking bronze ring
 35291 | IceCv    | Identified the ring "Lauqicug" {rC+ MR+ Slay+5} (You found
                  | it in an ice cave)
 36449 | Swamp:2  | Got a translucent shortbow
 36589 | Swamp:2  | Reached skill level 15 in Fighting
 36922 | Swamp:3  | Reached skill level 15 in Armour
 37061 | Swamp:3  | Reached skill level 15 in Shields
 37176 | Swamp:4  | Entered Level 4 of the Swamp
 37176 | Swamp:4  | Noticed a thorn hunter
 37220 | Swamp:3  | Reached XP level 17. HP: 95/113 MP: 21/21
 38779 | Swamp:4  | Noticed Mara
 39405 | Swamp:4  | Noticed a tentacled monstrosity
 39614 | Swamp:4  | Killed a tentacled monstrosity
 40020 | Swamp:4  | Killed Mara
 40454 | Swamp:4  | Noticed a bone dragon
 40541 | Swamp:4  | Killed a bone dragon
 41005 | Swamp:4  | Got a decaying rune of Zot
 41179 | Snake:1  | Entered Level 1 of the Snake Pit
 41417 | Snake:1  | Found a flickering gateway to a bazaar.
 41427 | Bazaar   | Entered a bazaar
 41431 | Bazaar   | Found Inaz Wio's Gadget Shoppe.
 41439 | Bazaar   | Found Hawaixteth's Magic Scroll Shoppe.
 41447 | Bazaar   | Bought a scroll of silence for 67 gold pieces
 41447 | Bazaar   | Bought a scroll of acquirement for 468 gold pieces
 41466 | Bazaar   | Found Xiocvoul's Antique Armour Boutique.
 41477 | Bazaar   | Found Zenale's Antique Weapon Emporium.
 41485 | Bazaar   | Found Izimm's General Store.
 42057 | Snake:1  | Noticed vurker's ghost (adept TeAE)
 42169 | Snake:1  | Found a transporter.
 42178 | Snake:1  | Found a bloodstained altar of Trog.
 42183 | Snake:1  | Found a transporter.
 42184 | Snake:1  | Identified the +5 halberd of Defenestration {freeze, *Drain
                  | rElec Str+9 Int+2}
 42620 | Snake:1  | Reached XP level 18. HP: 120/120 MP: 22/22
 43438 | Snake:2  | Noticed Aizul
 43469 | Snake:2  | Killed Aizul
 43484 | Snake:2  | Noticed Azrael
 43497 | Snake:2  | Killed Azrael
 45324 | Snake:4  | Entered Level 4 of the Snake Pit
 46973 | Snake:4  | Reached XP level 19. HP: 128/128 MP: 23/23
 47503 | Snake:4  | Got a serpentine rune of Zot
 48386 | Vaults:1 | Entered Level 1 of the Vaults
 48664 | Vaults:1 | Reached skill level 10 in Dodging
 51383 | Vaults:2 | Reached XP level 20. HP: 130/136 MP: 24/24
 51776 | Vaults:2 | Paralysed by a vampire knight for 3 turns
 52947 | Vaults:2 | Found a staircase to the Crypt.
 54796 | Vaults:3 | Reached XP level 21. HP: 126/144 MP: 25/25
 56035 | Vaults:3 | Identified Wostrok's Grimoire of Moulding
 56087 | Vaults:3 | Found Toic's Gadget Emporium.
 56389 | Vaults:3 | Identified the Handbook of Translocation
 56474 | Vaults:3 | Identified Zatodeca's Guide on Ice
 56781 | Vaults:3 | Identified the Incunabulum of Contamination
 58069 | Vaults:4 | Found a portal to a secret trove of treasure.
 59598 | Elf:1    | Entered Level 1 of the Elven Halls
 59617 | Elf:1    | Reached XP level 22. HP: 143/152 MP: 26/26
 59736 | Elf:1    | Found a shimmering blue altar of Sif Muna.
 59745 | Elf:1    | Got a fine scale mail
 59786 | Elf:1    | Identified the +7 scale mail of Diose {rElec Str-5 Dex+4}
                  | (You found it on level 1 of the Elven Halls)
 59807 | Elf:1    | Found a magical portal.
 60327 | WizLab   | Noticed an antique lich
 60355 | WizLab   | Killed an antique lich
 60375 | WizLab   | Found the +9 sword of Zonguldrok {reap}
 60417 | WizLab   | Identified the Collected Works on Curses
 60544 | Elf:2    | Identified Roxanne's Reference Book on Shape Shifting
 60544 | Elf:2    | Noticed Roxanne
 61005 | Elf:1    | Identified the Collected Works on Necromancy
 61323 | Elf:2    | Found a radiant altar of Vehumet.
 61924 | Elf:2    | Found a runed translucent gate.
 61924 | Elf:2    | Found a runed translucent gate.
 61925 | Elf:2    | Found a runed translucent gate.
 62458 | Elf:2    | Cast into level 2 of the Abyss (+2 executioner's axe of
                  | distortion)
 62467 | Elf:2    | Escaped the Abyss
 63017 | Depths:1 | Entered Level 1 of the Depths
 63349 | Depths:1 | Found Biyklalu's Assorted Antiques.
 63689 | Depths:1 | Reached XP level 23. HP: 53/160 MP: 27/27
 64167 | Depths:1 | Found a runed translucent gate.
 64171 | Depths:1 | Found a runed translucent gate.
 64172 | Depths:1 | Found a runed translucent gate.
 64431 | Depths:1 | Found a gateway to Hell.
 65420 | Depths:2 | Noticed the Enchantress
 65444 | Depths:2 | Killed the Enchantress
 67522 | Depths:2 | Found a one-way gate leading to the halls of Pandemonium.
 68941 | Depths:3 | Found a gateway to a ziggurat.
 69009 | Depths:3 | Reached XP level 24. HP: 168/168 MP: 27/27
 70462 | Depths:3 | Cast into level 2 of the Abyss (merfolk javelineer)
 70492 | Abyss:2  | Found a corrupted altar of Lugonu.
 70893 | Abyss:2  | Found a corrupted altar of Lugonu.
 71746 | Abyss:4  | Paralysed by accursed screaming for 1 turns
 73216 | Abyss:4  | Gained mutation: You are dopey. (Int -2) [a neqoxec]
 73661 | Abyss:4  | Lost mutation: You are dopey. (Int -2) [potion of mutation]
 73661 | Abyss:4  | Gained mutation: You are weak. (Str -2) [potion of
                  | mutation]
 73661 | Abyss:4  | Gained mutation: Your spells are a little harder to cast,
                  | but a little more powerful. [potion of mutation]
 73747 | Abyss:4  | Gained mutation: You are clumsy. (Dex -2) [a neqoxec]
 73872 | Abyss:4  | Reached XP level 25. HP: 111/158 MP: 20/22
 73969 | Abyss:4  | Gained mutation: Potions cannot restore your health. [a
                  | neqoxec]
 74178 | Depths:3 | Escaped the Abyss
 74685 | Depths:3 | Lost mutation: Your spells are a little harder to cast, but
                  | a little more powerful. [potion of mutation]
 74685 | Depths:3 | Lost mutation: You are weak. (Str -2) [potion of mutation]
 74685 | Depths:3 | Lost mutation: You are clumsy. (Dex -2) [potion of
                  | mutation]
 74685 | Depths:3 | Gained mutation: You have supernaturally acute eyesight.
                  | (SInv) [potion of mutation]
 74685 | Depths:3 | Gained mutation: You have a pair of small horns on your
                  | head. [potion of mutation]
 75308 | Depths:3 | Noticed a juggernaut
 75535 | Depths:3 | Killed a juggernaut
 75699 | Depths:3 | Noticed a juggernaut
 75716 | Depths:3 | Killed a juggernaut
 76043 | Depths:3 | Noticed a juggernaut
 76086 | Depths:3 | Killed a juggernaut
 76234 | Depths:3 | Got a slimy chain mail
 76479 | Depths:3 | Identified the +7 chain mail of Mirth {MR++ Str+2 Stlth-}
                  | (You found it on level 3 of the Depths)
 77148 | Depths:5 | Entered Level 5 of the Depths
 77693 | Depths:4 | Found a shattered altar of Ashenzari.
 77940 | Depths:4 | Found a one-way gate to the infinite horrors of the Abyss.
 78432 | Depths:5 | Reached XP level 26. HP: 184/184 MP: 27/27
 79910 | Depths:5 | Noticed an ancient lich
 79991 | Depths:5 | Killed an ancient lich
 80228 | Depths:5 | Got a pair of warped gloves
 80248 | Depths:5 | Identified the cursed +0 pair of gloves "Quefor" {Int+4}
                  | (You found it on level 5 of the Depths)
 80555 | Depths:5 | Found a gate to the Realm of Zot.
 81420 | Vaults:4 | Bought a scroll of acquirement for 780 gold pieces
 81460 | Vaults:4 | You paid a toll of 2 scrolls of acquirement to enter a
                  | treasure trove
 81461 | Trove    | Entered a treasure trove
 81510 | Trove    | Identified Sif Muna's Compendium of Fiery Battle Magic
 81529 | Trove    | Identified Sif Muna's Grimoire of Icy Attacks
 81747 | Vaults:5 | Entered Level 5 of the Vaults
 82503 | Vaults:5 | Reached XP level 27. HP: 162/192 MP: 28/28
 82879 | Vaults:5 | Identified the +6 flail of Sinanoj {vamp, Str-4 Dex+3}
 83603 | Vaults:5 | Identified the cursed +1 lajatang "Siezupn" {elec, Str+4
                  | Int+4}
 84344 | Vaults:5 | Got a vibrating golden ring
 84354 | Vaults:5 | Identified the ring "Xivewn" {rElec rN+ MR+ Str+7 Dex+4
                  | Slay-3} (You found it on level 5 of the Vaults)
 85095 | Vaults:5 | Got a silver rune of Zot
 85487 | Zot:1    | Entered Level 1 of the Realm of Zot
 85487 | Zot:1    | Noticed an orb of fire
 85488 | Zot:1    | Lost mutation: You have supernaturally acute eyesight.
                  | (SInv) [an orb of fire]
 85543 | Depths:5 | Killed an orb of fire
 86258 | Zot:1    | Reached skill level 10 in Evocations
 87350 | Zot:2    | Found a transporter.
 87487 | Zot:2    | Found a transporter.
 87488 | Zot:2    | Found the +0 mask of the Dragon {MR+ Slay+3 SInv}
 88310 | Zot:2    | Identified the Papyrus of Flying Transformation
 88387 | Zot:2    | Got an ancient platinum amulet
 88395 | Zot:2    | Identified the amulet of Ephemeral Luck {Inacc -Tele rF+
                  | MR+ Str+3} (You found it on level 2 of the Realm of Zot)
 89039 | Zot:3    | Paralysed by you for 2 turns
 89062 | Zot:3    | Identified Nuozitsi's Almanac of Supportive Shape Shifting
 89064 | Zot:3    | Identified Gugode's Volume of Cloudy Stolen Souls
 89322 | Zot:5    | Entered Level 5 of the Realm of Zot
 89580 | Zot:4    | Got a thick robe
 90671 | Zot:5    | Noticed an ancient lich
 90684 | Zot:5    | Noticed an orb of fire
 90684 | Zot:5    | Noticed an orb of fire
 90685 | Zot:5    | Noticed an ancient lich
 90689 | Zot:5    | Killed an ancient lich
 90707 | Zot:5    | Noticed an ancient lich
 90722 | Zot:5    | Killed an ancient lich
 90752 | Zot:5    | Gained mutation: You are dopey. (Int -2) [an orb of fire]
 90773 | Zot:5    | Killed an orb of fire
 91030 | Zot:5    | Noticed an orb of fire
 91040 | Zot:5    | Noticed an orb of fire
 91043 | Zot:5    | Noticed an orb of fire
 91047 | Zot:5    | Noticed an ancient lich
 91059 | Zot:5    | Gained mutation: You are frail. (-10% HP) [an orb of fire]
 91068 | Zot:5    | Gained mutation: You occasionally shout uncontrollably at
                  | your foes. [an orb of fire]
 91075 | Zot:5    | Killed an orb of fire
 91081 | Zot:5    | Gained mutation: You are very dopey. (Int -4) [an orb of
                  | fire]
 91090 | Zot:5    | Gained mutation: You sometimes yell uncontrollably at your
                  | foes. [an orb of fire]
 91093 | Zot:5    | Blown up by an ancient lich

Levels and vault maps discovered:
D:1:      roderic_chinese_lattice_arrival, layout_loops_ring, serial_glass,
          glass_columns_b, glass_columns_c
D:2:      kennysheep_the_goblin_king, layout_basic, minmay_box_of_dots
D:3:      layout_rooms, uniq_robin
D:4:      layout_basic, kennysheep_mini_moat, old_standard_altar
D:5:      layout_cave_pools, yredelemnul_forgotten_temple_becter,
          lemuel_crystal_altar, first_ration, grunt_ministairs_1, uniq_eustachio
D:6:      layout_loops_ring, overflow_temple_1_default,
          minmay_temple_entry_slanted, serial_shops, nicolae_shop_waterfront,
          cheibriados_altar_1, uniq_blork_the_orc
D:7:      layout_loops_ring, dancing_weapons_uskayaw,
          grunt_temple_overflow_diamond, gammafunk_temple_overflow_pools,
          ebering_ghost_rock_garden
D:8:      kennysheep_windowed_halls, layout_cave_pools, serial_shops, shop,
          chequers_ossuary_entry_cave
D:9:      layout_rooms, david_orc_1_choice, hangedman_little_slice_of_home
D:10:     layout_rooms, lair_entry_dummy, nicolae_qazlal_style_of_elements,
          uniq_urug, uniq_snorg
D:11:     layout_basic, gammafunk_ghost_hydra_chop, worms_lemuel, uniq_grum
D:12:     minmay_wizard_corner, layout_gridville, serial_shops,
          nicolae_shop_competitors_out_of_business, minmay_misc_feat_nine_boxes
D:13:     layout_long_grid, lightli_vaults_fourway_checkpoint, basic_altar,
          minmay_protected_statue
D:14:     layout_irregular_city, serial_shops, shop, minmay_misc_feat_pillars,
          kennysheep_minor_cross, st_stairs_9, kennysheep_nondescript
D:15:     grunt_enter_depths_hoard, layout_irregular_city, nicolae_wwwww
Temple:   minmay_temple_curvy_loop
Lair:1:   layout_long_grid
Lair:2:   layout_chaotic_city, minmay_holes, uniq_erica
Lair:3:   layout_long_grid, swamp_mist_pool, guppyfry_snake_entry_island,
          grunt_megastairs_3
Lair:4:   layout_layer_cave
Lair:5:   layout_gridlike, minmay_slime_entry_oklob_open,
          chequers_serial_rivers_micro_b, uniq_nessos
Lair:6:   hangedman_lair_caniforms_friends, layout_hall_layers,
          nicolae_quartered_pool_little, grunt_megastairs_2, uniq_josephine
Swamp:1:  layout_basic_swamp, portal_ice_cave_entry_pillars_2,
          wheals_swamp_sinkhole, grunt_witch_cave
Swamp:2:  layout_basic_swamp, evilmike_swamp_ruin_house_1
Swamp:3:  layout_falls_marsh, evilmike_swamp_ruin_wall
Swamp:4:  swamp_pestilence, layout_basic_swamp, uniq_mara
Snake:1:  nicolae_snake_nest, layout_cave_shapes, serial_shops, bzr_entry_gold,
          gammafunk_ghost_wrathful_warriors
Snake:2:  layout_chambers, uniq_azrael, uniq_aizul
Snake:3:  layout_gridlike
Snake:4:  minmay_snake_end_coiled, layout_onion_interference,
          grunt_ministairs_15
Orc:1:    layout_caves, serial_shops, shop, trog_butcher_becter, uniq_fannar
Orc:2:    grunt_orc_tribal_feast, layout_caves, basic_altar, enter_volcano_2,
          serial_shops, shop, shop, mines3_lemuel, uniq_sonja
Elf:1:    layout_gridlike, mu_enter_wizlab_6, basic_altar,
          minmay_elf_necromancy, lemuel_flamethrower_3
Elf:2:    layout_geoelf_diagonals, basic_altar, special_room
          [special_room_mythical_zoo], uniq_roxanne
Vaults:1: hangedman_vaults_slice, ontoclasm_vaults_ring_small,
          nicolae_vaults_gold_heap, ontoclasm_vaults_shuriken,
          vaults_standard_mumra_lines, v_misc_16, vaults_room_boxed,
          nicolae_vaults_rhombus_5, v_misc_18, hangedman_vaults_slither,
          v_misc_28, hangedman_vaults_stretched_pinwheel,
          nicolae_vaults_little_squares_4, nicolae_vaults_rhombus_5,
          layout_vaults_big_cross
Vaults:2: hangedman_vaults_snaps, vaults_room_corners, v_pattern_5,
          minmay_crypt_entry_simple_walls, kb_rosetta, v_misc_13,
          nicolae_vaults_little_squares_2, hangedman_vaults_corner,
          vaults_room_pools, hangedman_vaults_corner_blocks,
          nicolae_vaults_circle_grid_a, grunt_vaults_hallway_short, v_misc_5,
          layout_vaults_maze
Vaults:3: v_misc_12, hangedman_vaults_capsules, nicolae_vaults_alarming,
          vaults_dpeg_hooks, v_alt_pattern_5, nicolae_vaults_diagonal_hallway_8,
          nicolae_vaults_little_squares_3, ontoclasm_vaults_hangar,
          hangedman_vaults_nails, ontoclasm_vaults_chip,
          nicolae_vaults_little_squares_1, nicolae_vaults_shelves_hall,
          layout_vaults_omnibox, serial_hangedman_research,
          hangedman_research_quantum, hangedman_research_toxicology,
          hangedman_research_thermodynamics, hangedman_research_metamorphosis,
          serial_shops, shop
Vaults:4: vaults_mumra_bighexcomb, v_misc_8, v_misc_4, vaults_dpeg_encased_lava,
          vaults_room_door_hall, vaults_mumra_hex, v_misc_9,
          hangedman_vaults_stretched_pinwheel,
          nicolae_vaults_diagonal_hallway_7, layout_vaults_big_room,
          enter_trove_1
Vaults:5
Depths:1: layout_gridville, minmay_misc_feat_tiny, serial_shops,
          nicolae_shop_overgrown_old_shop, grunt_hell_entry_dis_mu,
          pandoras_box_mu
Depths:2: wad_guarded_room, layout_basic, grunt_pan_entry_sceptre,
          grunt_hell_horde, bh_walls_and_bars, uniq_enchantress
Depths:3: gammafunk_depths_water_palace, layout_basic, enter_ziggurat_b,
          grunt_pan_entry_spiral, minmay_door_square, hell_entry
Depths:4: mu_elephants_graveyard, layout_cave_shapes, pan_entry, hell_entry,
          evilmike_ruin_ashenzari, abyss_entry, nrook_pool_corridor, ice2_lemuel
Depths:5: grunt_runaround [grunt_runaround_doors_1, grunt_runaround_doors_2,
          grunt_runaround_doors_3, grunt_runaround_doors_4,
          grunt_runaround_zot], hell_entry
Zot:1:    layout_cathedral_of_symmetry, grunt_ministairs_1
Zot:2:    layout_cathedral_of_symmetry,
          chequers_guarded_unrand_mask_of_the_dragon, grunt_megastairs_5
Zot:3:    gammafunk_mikee_crab_dinner, layout_onion, grunt_megastairs_1
Zot:4:    layout_cathedral_of_symmetry
Zot:5:    layout_onion

Skill      XL: |  1  2  3  4  5  6  7  8  9 10 11 12 13 14 15 16 17 18 19 20 21 22 23 24 25 26 27 |
---------------+----------------------------------------------------------------------------------+-----
Maces & Flails | 3 4 5 6 7 9 11 12 13 14 15 | 15.0
Fighting       | 5 7 9 10 11 12 14 15 16 17 18 19 20 21 22 23 24 26 | 26.5
Armour         | 5 7 9 10 11 12 14 15 16 18 19 20 21 22 23 24 26 | 26.5
Shields        | 5 7 9 10 11 12 13 15 16 18 19 20 21 22 23 24 25 | 25.0
Evocations     | 3 5 6 7 12 | 12.3
Dodging        | 3 6 8 9 10 | 10.0

Action                   |  1- 3 |  4- 6 |  7- 9 | 10-12 | 13-15 | 16-18 | 19-21 | 22-24 | 25-27 || total
-------------------------+-------+-------+-------+-------+-------+-------+-------+-------+-------++-------
Melee: Flail             |   103 |    93 |       |       |       |       |       |       |       ||   196
       Whip              |       |   164 |   484 |   991 |  1128 |       |       |       |       ||  2767
       Demon whip        |       |       |       |       |   756 |  2164 |  1981 |  2795 |  2396 || 10092
       Unarmed           |       |       |       |       |       |       |       |    15 |     1 ||    16
       Headbutt          |       |       |       |       |       |       |       |       |   781 ||   781
Throw: Stone             |       |       |       |       |     2 |    80 |       |       |     4 ||    86
Invok: Potion Petition   |       |       |       |     1 |       |       |       |       |     2 ||     3
       Call Merchant     |       |       |       |       |       |       |       |       |     1 ||     1
       Bribe Branch      |       |       |       |       |       |       |       |       |     5 ||     5
 Abil: Fly               |       |       |       |       |     1 |       |       |       |       ||     1
       Evoke Invisibilit |       |       |       |       |       |       |       |       |     3 ||     3
Evoke: Wand              |       |       |       |       |     8 |     5 |       |     2 |     3 ||    18
  Use: Scroll            |       |     5 |    11 |     3 |    12 |    13 |     2 |     9 |    13 ||    68
       Potion            |       |       |     3 |     1 |     1 |     2 |     1 |     8 |    10 ||    26
 Stab: Distracted        |       |       |       |     3 |    10 |     7 |     9 |    15 |    12 ||    56
       Paralysed         |       |       |       |       |     1 |       |       |       |       ||     1
       Invisible         |       |       |       |       |       |       |       |     1 |    13 ||    14
       Petrifying        |       |       |       |       |       |       |       |     1 |       ||     1
  Eat: Chunk             |     1 |     7 |     8 |       |       |     1 |       |       |     2 ||    19
       Ration            |       |       |     2 |     8 |    13 |    16 |    13 |    13 |    16 ||    81
Armor: Scale mail        |    49 |    97 |   142 |    80 |       |       |       |       |       ||   368
       Plate armour      |       |       |       |   172 |       |       |       |   696 |    93 ||   961
       Ring mail         |       |       |       |     2 |   408 |   483 |   311 |       |       ||  1204
       Chain mail        |       |       |       |       |       |       |       |       |   374 ||   374
Dodge: Dodged            |    22 |    53 |    60 |    84 |   260 |   416 |   364 |   573 |   485 ||  2317
       Deflected         |       |       |       |     1 |    18 |     7 |       |       |       ||    26
Block: Shield            |    46 |    55 |       |       |       |       |       |       |       ||   101
       Large shield      |       |    95 |   310 |   539 |  1300 |  1553 |  1541 |  2167 |  1751 ||  9256
